[Event "15e Open International de Quenza"]
[Site "Quenza"]
[Date "2026.07.05"]
[Round "5.2"]
[White "YANKELEVICH, Lev"]
[Black "LAGARDE, Maxime"]
[Result "0-1"]
[TimeControl "5min+3s"]
[WhiteTitle "GM"]
[BlackTitle "GM"]
[WhiteFideId "-"]
[BlackFideId "-"]
[WhiteElo "2373"]
[BlackElo "2583"]

1. d4 Nf6 2. c4 b6 3.
Nc3 Bb7 4. Qc2 Nc6 5. Nf3 Nb4 6. Qb1 Bxf3 7. exf3 e6 8. Be3 c5 9. d5 Bd6 10.
a3 Na6 11. dxe6 fxe6 12. Bd3 Be5 13. Qc2 O-O 14. g4 Kh8 15. h4 Nc7 16. h5 d5 17. g5 d4 18. gxf6 Qxf6 19. O-O-O dxc3 20.
Bxh7 cxb2+ 21. Kb1 Rad8 22. Rxd8 Rxd8 23. Be4 b5 24. Rg1 Bf4 25. Bxc5 bxc4 26. Qxc4 Nd5 27. Bxd5 Rxd5 28. Bb4 Be5 29. h6 gxh6 30.
Ka2 Rd8 31. Qg4 Qf5 32. Qh4 b1=Q+ 0-1

[Event "15e Open International de Quenza"]
[Site "Quenza"]
[Date "2026.07.05"]
[Round "5.9"]
[White "PAOLI, Guillaume"]
[Black "BRODOWSKI, Piotr"]
[Result "0-1"]
[TimeControl "5min+3s"]
[WhiteTitle "-"]
[BlackTitle "IM"]
[WhiteFideId "-"]
[BlackFideId "-"]
[WhiteElo "1991"]
[BlackElo "2435"]

1. e4 g6 2. d4 d6 3. Nc3 a6 4. f4 Bg7 5. Bc4 b5 6. Bb3 Bb7 7. Nf3 e6 8. Be3 b4 9. f5 bxc3 10. fxe6 fxe6 11. Ng5 cxb2 12.
Rb1 Qe7 13. O-O Nf6 14. e5 Nd5 15.
Bxd5 Bxd5 16. Rf7 Qxf7 17. Nxf7 Kxf7 18. Qf1+ Ke8 19. c4 Be4 20. Rxb2 Rf8 21. Qe1 d5 22. c5 Nc6 23. Rb7 Kd7 24.
Qh4 h5 25. g4 Rf3 26. Bf2 Raf8 27. Rb2 Rd3 28. Rb1 Bxe5 29. Qg5 Nxd4 30. Qh6 Rf7 31. c6+ Nxc6 32. gxh5 gxh5 33. Qxh5 Rdf3 34.
Bg3 Bd4+ 35. Kh1 Rf1# 0-1

[Event "15e Open International de Quenza"]
[Site "Quenza"]
[Date "2026.07.05"]
[Round "5.15"]
[White "TOMASI, Albert"]
[Black "BERNARDI, Alexandre"]
[Result "1/2-1/2"]
[TimeControl "5min+3s"]
[WhiteTitle "FM"]
[BlackTitle "-"]
[WhiteFideId "-"]
[BlackFideId "-"]
[WhiteElo "2235"]
[BlackElo "1948"]

1. e4 c5 2. Nf3 g6 3. d4 cxd4 4. Nxd4 Bg7 5. c4 Nc6 6. Be3 Nf6 7. Nc3 Ng4 8. Qxg4 Nxd4 9. Qd1 Ne6 10. Rc1 Qa5 11. a3 d6 12. Bd3 b6 13. O-O Bb7 14. Bb1 Rc8 15. Qe2 Qh5 16. Qxh5 gxh5 17. Bd3 Rg8 18. b4 Bf6 19.
Ne2 h4 20. f4 h3 21. g3 Bb2 22.
Rc2 Bxa3 23. Ra1 Bxb4 24. Rxa7 Rb8 25. Kf2 Nc5 26. Bxc5 Bxc5+ 27. Kf1 b5 28. Ra1 b4 29. Nc1 f5 30. exf5 b3 31. Re2 Bg2+ 32.
Ke1 b2 33. Rb1 bxc1=Q+ 34. Rxc1 Bb4+ 35. Kf2 Bc5+ 36. Ke1 Rxg3 37. hxg3 h2 38. Kd2 h1=Q 39. Rxh1 Bxh1 40. f6 Rb2+ 41. Bc2 Bb4+ 42. Kc1 Ba3 43. Rxe7+ Kf8 44. Kd2 Bc5 45. Kc3 Ra2 46. Bxh7 Ra3+ 47. Kc2 d5 48. Rc7 Ra5 49.
Bg6 Be4+ 50. Bxe4 dxe4 51. g4 Be3 52. Re7 Bxf4 53. Rxe4 Bg5 54. Kb3 Bxf6 55. Kb4 Rg5 56. c5 Be7 57. Rc4 Kf7 58. Kb5 Bxc5 59. Rxc5 Rxg4 60. Rc7+ Kg6 61. Kc5 Rf4 62. Kd5 Rf5+ 63. Ke4 Rf6 64. Rc1 Kf7 65.
Ke5 Re6+ 66. Kd5 Rf6 67. Rc7+ Kg6 68. Ke5 Rf5+ 69. Ke4 Rf6 70. Rc8 Kf7 71. Ke5 Re6+ 72. Kf5 Rf6+ 73. Kg5 Rg6+ 74. Kh5 Rf6 75.
Rc7+ Ke6 76. Kg5 Rf5+ 77. Kg4 Rf6 78. Rc6+ Kf7 79. Rc7+ Ke6 80. Kg5 Rf5+ 81. Kg6 Rf6 82. Kg7 Rf5 83. Rc8 Ke5 84. Kg6 Rf6+ 85. Kg5 Rf5 86.
Kg4 Rf4+ 87. Kg3 Rf5 88. Re8+ Kf6 89.
Kg4 Rg5+ 90. Kf4 Rf5+ 91. Ke4 Rg5 92. Ra8 Re5+ 93. Kf4 Rf5+ 94. Kg4 Rg5+ 95. Kh4 Re5 96.
Kg4 Rg5+ 97. Kf4 Rf5+ 98. Ke3 Re5+ 99. Kd4 Rf5 100. Rg8 Rg5 101. Rh8 Rf5 102.
Rh6+ Kg5 103. Rh1 Rf4+ 104. Ke5 Rf5+ 105. Ke6 Rf6+ 106. Ke7 Rf5 107. Rg1+ Kf4 108. Ke6 Re5+ 109. Kd6 Rf5 110. Ra1 Kg5 111. Ke6 Rf6+ 112. Ke5 Rf5+ 113.
Ke4 Rf4+ 114. Ke3 Rf5 115. Ra4 Kf6 116. Ke4 Re5+ 117. Kf4 Rf5+ 118. Kg4 Rg5+ 119. Kh4 Re5 120. Ra6+ Re6 121. Ra8 Ke5 122. Kg5 Kd5 123. Ra5+ Ke4 124. Ra1 Re5+ 125. Kg4 Kd5 126. Kf4 Re4+ 127. Kf5 Re5 128. Kf6 Re6+ 129. Kf7 Re5 130. Kf6 Re6+ 131. Kf5 Re5 132. Kf4 Re4+ 133. Kf3 Rd4 134. Ra8 Ke5 1/2-1/2

[ePGN "0.1;DGT LiveChess/2.2.11"]

[Event "15e Open International de Quenza"]
[Site "Quenza"]
[Date "2026.07.05"]
[Round "6.11"]
[White "THIBOUS, Mathis"]
[Black "YANKELEVICH, Lev"]
[Result "0-1"]
[TimeControl "5min+3s"]
[WhiteTitle "-"]
[BlackTitle "GM"]
[WhiteFideId "-"]
[BlackFideId "-"]
[WhiteElo "2003"]
[BlackElo "2373"]

1. e4 e5 2. Nf3 Nc6 3. Nc3 Nf6 4. g3 d5 5. exd5 Nd4 6. Bg2 Bc5 7. Nxe5 O-O 8. O-O Re8 9. Nd3 Bg4 10. Qxg4 Nxg4 11.
Nxc5 Nxc2 12. Rb1 Nd4 13. d3 b6 14. N5e4 Ne5 15. Rd1 Nef3+ 16. Bxf3 Nxf3+ 17. Kg2 Nd4 18. Bf4 h6 19. h4 Qd7 20.
Be3 Nf5 21. Bf4 Ne7 22. d6 Ng6 23. Be3 f5 24. Nd2 f4 25. Bxf4 Nxf4+ 26. gxf4 Qg4+ 27. Kh2 Qxh4+ 28. Kg2 Qg4+ 29. Kh2 Qxf4+ 30. Kg2 Qg4+ 31. Kh2 Re5 0-1

[Event "15e Open International de Quenza"]
[Site "Quenza"]
[Date "2026.07.05"]
[Round "6.8"]
[White "BONELLI MAESTRACCI, Pierre Joseph"]
[Black "RELANGE, Eloi"]
[Result "1/2-1/2"]
[TimeControl "5min+3s"]
[WhiteTitle "-"]
[BlackTitle "GM"]
[WhiteFideId "-"]
[BlackFideId "-"]
[WhiteElo "2205"]
[BlackElo "2416"]

1. e4 c5 2. Nf3 Nc6 3. d4 cxd4 4. Nxd4 Nf6 5.
Nc3 e5 6. Ndb5 d6 7. Bg5 a6 8. Na3 b5 9. Nd5 Be7 10. Bxf6 Bxf6 11. c3 Rb8 12.
Nc2 Bg5 13. a4 bxa4 14. Ncb4 Nxb4 15. cxb4 O-O 16. Qxa4 Bb7 17. Bc4 Bxd5 18. Bxd5 Qb6 19. O-O Qxb4 20. Qxb4 Rxb4 21. Rxa6 Rxb2 22. Rxd6 Be7 23. Rd7 Bc5 24. g3 g6 25. Kg2 Bd4 26. Bc4 Rc2 27. Bd5 Rb2 28. Bc4 Rc2 29. Bd5 1/2-1/2

[Event "15e Open International de Quenza"]
[Site "Quenza"]
[Date "2026.07.05"]
[Round "6.3"]
[White "RATIER-FONTANA, Matteo"]
[Black "FEDORCHUK, Sergey A."]
[Result "0-1"]
[TimeControl "5min+3s"]
[WhiteTitle "-"]
[BlackTitle "GM"]
[WhiteFideId "-"]
[BlackFideId "-"]
[WhiteElo "2368"]
[BlackElo "2530"]

1. Nf3 Nf6 2. d4 e6 3. Bf4 Be7 4. h3 c5 5. e3 cxd4 6.
exd4 b6 7. c3 Bb7 8. Nbd2 d6 9. Be2 a6 10. O-O O-O 11. Ne1 Qc7 12. Bh2 Nbd7 13. Bf3 b5 14. Bxb7 Qxb7 15. Nd3 Nb6 16. Qf3 Qxf3 17. Nxf3 a5 18.
Rfe1 Rfc8 19. a3 Nfd5 20. Rac1 h6 21. Nd2 Rc6 22. Kf1 Rac8 23. Ke2 Bg5 24. f4 Bf6 25. Bg1 Nc4 26. Nxc4 bxc4 27.
Nf2 Nxf4+ 28. Kf3 Nd5 29.
Ne4 Be7 30. Re2 Rb8 31. Bh2 Rb3 32.
g4 Nb6 33. Rcc2 Na4 34. Nf2 Bf6 35. Kg2 Bg5 36. Bg3 Nb6 37. Ne4 Be7 38. Rf2 Na4 39. Rfe2 Rcb6 40. d5 exd5 41. Nf2 Bf6 42. Nd1 Nc5 43. Bf2 Rb8 44. Bg3 R3b6 45. Bf2 Nd3 46. Bxb6 Rxb6 47. Kf3 Be5 48. Nf2 Nc5 49. Red2 Na4 50. Rxd5 Nxb2 51. Rxa5 Rb3 52. Ra8+ Kh7 53. Ne4 d5 54. Nc5 Rb5 55. Nd7 Bd6 56. Nf8+ Bxf8 57. Rxf8 Rb3 58. Rd8 Na4 59. Kg2 Nxc3 60. a4 Nxa4 61. Rxd5 c3 62. Re5 f6 63. Ree2 Kg6 64. Kf3 Nb6 65. Re3 Nd5 66. Rd3 Rb5 67. Rcxc3 Nxc3 68. Rxc3 h5 69. Kg3 Kg5 70. gxh5 Kxh5 71. Ra3 g5 72. Ra8 Rb3+ 73. Kg2 Kg6 74. Ra5 Re3 75. Rb5 Kh5 76. Rb8 Rc3 77. Rd8 Kg6 78. Ra8 Kf5 79. Ra5+ Kf4 80. Ra4+ Ke5 81. Ra5+ Ke4 82. Ra4+ Kd5 83. Ra6 Rc6 84. Ra5+ Ke4 85. Ra4+ Kf5 86. Ra5+ Kg6 87. Ra8 Rc4 88. Kg3 Rd4 89. Rb8 Re4 90. Rc8 Kf5 91. Rc5+ Re5 92. Rc8 Re3+ 93. Kg2 Kf4 94. Rc4+ Re4 95. Rc2 Rd4 96. Rf2+ Ke5 97. Ra2 Ke4 98. Re2+ Kf5 99. Rf2+ Rf4 100. Ra2 Rd4 101. Rf2+ Ke5 102. Re2+ Re4 103. Ra2 f5 104. Rb2 Re3 105. Rb5+ Kf4 106. Rb4+ Re4 107. Rb2 Rd4 108. Ra2 Rd3 109. Ra4+ Ke3 110. Kg3 Ke2+ 111. Kg2 0-1

[Event "15e Open International de Quenza"]
[Site "Quenza"]
[Date "2026.07.05"]
[Round "6.16"]
[White "DELADERRIERE, Calypso"]
[Black "ERCOLI, Andria"]
[Result "0-1"]
[TimeControl "5min+3s"]
[WhiteTitle "-"]
[BlackTitle "-"]
[WhiteFideId "-"]
[BlackFideId "-"]
[WhiteElo "2074"]
[BlackElo "1762"]

1. e4 c5 2. Nf3 g6 3. d4 Bg7 4. Be3 Qb6 5. b3 Nc6 6. c3 cxd4 7. cxd4 d5 8. exd5 Qa5+ 9. Qd2 Qxd5 10.
Bc4 Qd6 11. Nc3 Bg4 12. Ne4 Qd7 13. Nc5 Qc7 14. Ng5 e6 15. h3 h6 16. Nxf7 Qxf7 17. hxg4 Nd8 18. Rd1 b6 19. Ne4 Qe7 20.
Bb5+ Kf8 21. Bf4 Nf7 22. O-O Rd8 23. Be3 Nf6 24. Nxf6 Bxf6 25. Qc2 Kg7 26. Rfe1 h5 27. gxh5 Rxh5 28.
g3 Rdh8 29. Bc6 Nd6 30. Bf3 Rh2 31. Bf4 Nf5 32. d5 Nd4 33. Qe4 e5 34. Be3 Nxf3+ 35. Qxf3 e4 36. Bh6+ R8xh6 37. Rxe4 Rh1+ 0-1

[Event "15e Open International de Quenza"]
[Site "Quenza"]
[Date "2026.07.05"]
[Round "6.9"]
[White "KOSTENIUK, Alexandra"]
[Black "TERNAULT, Mathieu"]
[Result "1-0"]
[TimeControl "5min+3s"]
[WhiteTitle "GM"]
[BlackTitle "FM"]
[WhiteFideId "-"]
[BlackFideId "-"]
[WhiteElo "2392"]
[BlackElo "2188"]

1. e4 e6 2. d4 d5 3.
exd5 exd5 4. Bf4 Bd6 5. Qd2 Nf6 6. Nc3 O-O 7. Nge2 c6 8. f3 a5 9. g4 Ne8 10.
Ng3 Bxf4 11. Qxf4 Qd6 12. Qd2 b5 13. Nce2 b4 14. h4 Ra7 15. h5 h6 16. O-O-O f6 17. Nf4 a4 18. Bd3 Rff7 19.
Nf5 Bxf5 20. Bxf5 Nc7 21. Rhe1 Nd7 22. Be6 b3 23. Bxf7+ Kxf7 24. a3 Nf8 25. Nd3 bxc2 26. Qxc2 Nb5 27.
Nc5 Kg8 28. Qd2 Ra8 29. f4 Rb8 30. g5 fxg5 31. fxg5 hxg5 32. Re5 Qf6 33. Qxg5 Qf2 34. Re7 Qf6 35. Qxf6 gxf6 36. h6 Nd6 37. Rg1+ Kh8 38. h7 Nf5 39.
Rg8# 1-0

[Event "15e Open International de Quenza"]
[Site "Quenza"]
[Date "2026.07.05"]
[Round "6.6"]
[White "PIERI, Pierre-Louis"]
[Black "TERRIEUX, Kevin"]
[Result "1/2-1/2"]
[TimeControl "5min+3s"]
[WhiteTitle "-"]
[BlackTitle "IM"]
[WhiteFideId "-"]
[BlackFideId "-"]
[WhiteElo "2236"]
[BlackElo "2451"]

1. e4 c5 2. Nc3 Nc6 3. Bb5 g6 4.
Bxc6 bxc6 5. d3 Bg7 6. f4 c4 7. d4 d5 8. e5 Nh6 9. h3 Nf5 10. Nf3 Ng3 11. Rg1 h5 12. Be3 Nf5 13.
Bf2 h4 14. Qd2 Rb8 15. b3 e6 16. bxc4 Bf8 17. c5 Ba6 18. Rb1 Be7 19. Qc1 Rxb1 20. Qxb1 O-O 21. Kd2 Qc7 22. Qb4 Rb8 23. Qa3 Bc4 24. Rb1 Rxb1 25. Nxb1 Bf1 26. Ne1 Qb7 27.
Nc3 Kg7 28. Qb3 Qc8 29. Qa4 Qc7 30. Nd1 Bb5 31. Qb4 Bd8 32. Nd3 Qc8 33. Ne3 Qa6 34. Nxf5+ gxf5 35. Qb2 Bc4 36. Nb4 Ba5 37.
c3 Bxb4 38. cxb4 Bf1 39. b5 Bxb5 40. Bxh4 Bf1 41. Bf6+ Kh7 42.
Ke1 Bd3 43. Qb8 Qa5+ 44. Kf2 Qd2+ 45. Kg1 Qe3+ 46. Kh1 Qc1+ 47. Kh2 Qxf4+ 48. Kh1 Qf1+ 49. Kh2 Qf4+ 50. Kh1 Qf1+ 51. Kh2 Qf4+ 52. Kh1 Qf1+ 1/2-1/2

[Event "15e Open International de Quenza"]
[Site "Quenza"]
[Date "2026.07.05"]
[Round "6.17"]
[White "UTRERA, Ludovic"]
[Black "BOUCHET ZINCK, Leo"]
[Result "1-0"]
[TimeControl "5min+3s"]
[WhiteTitle "-"]
[BlackTitle "-"]
[WhiteFideId "-"]
[BlackFideId "-"]
[WhiteElo "2067"]
[BlackElo "1742"]

1. e4 e5 2. Nf3 Nc6 3. Bc4 Bc5 4. c3 Nf6 5. d4 exd4 6.
e5 Ng8 7. cxd4 Bb4+ 8. Nc3 d6 9. O-O dxe5 10. d5 Nce7 11.
Qa4+ c6 12. Qxb4 cxd5 13. Nxd5 Nc6 14. Qc3 Qd6 15. Re1 f6 16. Be3 Nge7 17. Rad1 Nxd5 18. Bxd5 Qc7 19. Bc5 Bd7 20. Bd6 Qb6 21.
Qb3 Ne7 22. Bf7+ Kf8 23. Ba3 Be8 24. Bc4 Rc8 25. Nd4 Bd7 26. Be6 Rc7 27. Bxd7 Rxd7 28. Ne6+ Ke8 29. Nxg7+ Kd8 30. Rxd7+ Kxd7 31.
Rd1+ 1-0

[Event "15e Open International de Quenza"]
[Site "Quenza"]
[Date "2026.07.05"]
[Round "6.5"]
[White "BATSIASHVILI, Nino"]
[Black "MAZE, Sebastien"]
[Result "1/2-1/2"]
[TimeControl "5min+3s"]
[WhiteTitle "GM"]
[BlackTitle "GM"]
[WhiteFideId "-"]
[BlackFideId "-"]
[WhiteElo "2306"]
[BlackElo "2455"]

1. d4 Nf6 2. c4 g6 3. Nc3 Bg7 4. e4 d6 5. Be2 Nbd7 6.
h3 e5 7.
d5 h5 8.
Nf3 Bh6 9. Bxh6 Rxh6 10. b4 a5 11. a3 h4 12. Nd2 Rh8 13. O-O Kf8 14. Nb3 axb4 15. axb4 Rxa1 16. Qxa1 Kg7 17. c5 Nf8 18. Qa5 b6 19. Qa7 N8h7 20. Nb5 bxc5 21. bxc5 Nxe4 22. Nxc7 Nhg5 23. Bd3 Qf6 24. Bxe4 Nxe4 25.
cxd6 Nxd6 26. Nc5 Kh6 27. Qb6 Qg5 28. N5e6 fxe6 29. Qxd6 exd5 30. Qxd5 Bxh3 31. Ne6 Bxe6 32. Qxe6 Rf8 33.
Qh3 Rf4 34. Re1 Qf5 35. Qe3 Qg5 36. Qxe5 Qxe5 37. Rxe5 g5 38.
f3 Rf6 39. Rd5 Rf4 40.
Re5 Rf6 41. Rd5 Rf4 1/2-1/2

[Event "15e Open International de Quenza"]
[Site "Quenza"]
[Date "2026.07.05"]
[Round "6.15"]
[White "DE SEROUX, Camille"]
[Black "TANNOUS BONELLI, Maxime"]
[Result "1-0"]
[TimeControl "5min+3s"]
[WhiteTitle "WIM"]
[BlackTitle "-"]
[WhiteFideId "-"]
[BlackFideId "-"]
[WhiteElo "2076"]
[BlackElo "1802"]

1. e4 e5 2. Nc3 Nc6 3. Nf3 Nf6 4. Bb5 d6 5. d4 exd4 6. Nxd4 Bd7 7. Bxc6 Bxc6 8.
O-O Be7 9. Nxc6 bxc6 10. f4 O-O 11. Qf3 Qd7 12. b3 Qg4 13. Qd3 Qd7 14. Bb2 Rfe8 15. Rad1 Rad8 16. Qa6 d5 17. e5 Bc5+ 18.
Kh1 Ng4 19. Rd2 Ne3 20. Rf3 Qg4 21. Rg3 Qxf4 22. Na4 Bb6 23. Nxb6 cxb6 24. e6 f6 25. Qd3 Nf1 26. Rh3 h6 27.
Re2 Rd6 28. e7 Rd7 1-0

[Event "15e Open International de Quenza"]
[Site "Quenza"]
[Date "2026.07.05"]
[Round "6.12"]
[White "TOMASI, Albert"]
[Black "FRESSINET, Laurent"]
[Result "1-0"]
[TimeControl "5min+3s"]
[WhiteTitle "FM"]
[BlackTitle "GM"]
[WhiteFideId "-"]
[BlackFideId "-"]
[WhiteElo "2235"]
[BlackElo "2565"]

1. e4 e5 2. Nf3 Nc6 3. Bb5 a6 4. Ba4 Nf6 5. O-O Be7 6. Re1 b5 7. Bb3 O-O 8. d3 d6 9. c3 Na5 10. Bc2 c5 11. Nbd2 Nc6 12. Nf1 Re8 13. h3 h6 14. Ng3 Be6 15. d4 cxd4 16. cxd4 exd4 17. Nxd4 Nxd4 18. Qxd4 Rc8 19. Bb3 d5 20. e5 Nd7 21. Bd2 Qb6 22. Qxb6 Nxb6 23. Rad1 Nc4 24. Bc3 b4 25. Bd4 Bc5 26. Re2 a5 27. f4 g6 28. Kh2 Bxd4 29. Rxd4 Rc5 30. Rf2 Kf8 31. Bd1 Ne3 32. Bf3 Rec8 33. Nf1 Nxf1+ 34. Rxf1 Rc4
35. Rfd1 Rxd4 36. Rxd4 Rc4 37. Rd2 Rc5 38. g4 a4 39. Kg3 a3 40. bxa3 bxa3
41. Rd3 Ra5 42. Bd1 Ke7 43. Bb3 Rc5 44. Kf3 Rc1 45. Ke3 Re1+ 46. Kf2 Rh1 47. Kg2 Rb1 48. Rd4 h5 49. f5 gxf5 50. gxh5 Kf8 51. Ra4 Kg7 52. Rxa3 Kh6 53. Ra5 Kxh5 54. Bxd5 Kg5 55. Bxe6 fxe6 56. Ra6 Kf4 57.
Rxe6 Rb2+ 58. Kg1 Rxa2 59.
Re8 Ra1+ 60. Kg2 Ra2+ 61. Kg1 Ra1+ 62. Kg2 Ra2+ 63. Kf1 Kf3 64. Ke1 f4 65. e6 Re2+ 66. Kd1 Re5 67. e7 Kf2 68. Kd2 f3 69. h4 Kf1 70. h5 f2 71. h6 Rd5+ 72. Kc2 Ke2 73. Rd8 Rc5+ 74. Kb3 f1=Q 75. e8=Q+ Kf2 76. Qf8+ Kg2 77. Qxc5 Qf3+ 78. Kb4 Qb7+ 79. Qb5 Qe4+ 80. Ka5 Qe7 81. Qc6+ Kh2 82. Qd6+ 1-0

[Event "15e Open International de Quenza"]
[Site "Quenza"]
[Date "2026.07.05"]
[Round "6.1"]
[White "LAGARDE, Maxime"]
[Black "KOELLE, Tobias"]
[Result "1-0"]
[TimeControl "5min+3s"]
[WhiteTitle "GM"]
[BlackTitle "IM"]
[WhiteFideId "-"]
[BlackFideId "-"]
[WhiteElo "2583"]
[BlackElo "2613"]

1. e4 c5 2. Nc3 Nc6 3.
Nf3 e5 4. Bc4 Be7 5. d3 d6 6. a4 Nf6 7.
Bg5 h6 8. Bxf6 Bxf6 9. Nd5 g6 10. c3 Bg7 11. h4 Be6 12.
h5 g5 13. Nh2 Ne7 14. Nxe7 Qxe7 15. Ng4 f5 16. Bxe6 Qxe6 17. Ne3 f4 18. Nf5 O-O 19. c4 Kh7 20. O-O Bf6 21. g4 a5 22. Qb3 Qd7 23. Qc2 Rfc8 24.
Ra3 Bd8 25. Rb3 b6 26. Rb5 Rc6 27. Kg2 Qe6 28. Ra1 Rac8 29. Kf3 Kg8 30. Ra3 Kh7 31. Rab3 Kg8 32. Kg2 Kh7 33. Qe2 Kg8 34. Qf3 Kh7 35. Rc3 Kg8 36.
Rc1 Kh7 37. Qd1 Qd7 38. Rb3 Ra8 39.
Ra3 Rcc8 40. Raa1 Bc7 41. Qb3 Rf8 42. Kf3 Rf7 43. Qb5 Ra7 44. Ke2 Bd8 45. f3 Bc7 46. Ra3 Bd8 47. Rb3 Bc7 48. Rbc3 Bd8 49. Kf1 Bc7 50. Qb3 Bd8 51. Qa2 Bc7 52.
Rb3 Bd8 53. Rb5 Qc6 54. Qb1 Ra6 55. Rc3 Qd7 56. Rcb3 Bc7 57. Ke2 Qe6 58. Qc2 Kg8 59.
Kf2 Rf6 60. Kg2 Bd8 61. Ra3 Bc7 62.
Ra1 Bd8 63. Re1 Bc7 64. d4 cxd4 65. Rd5 Ra8 66. Ra1 Qe8 67. Ra3 Rd8 68. Qb1 Re6 69. b4 axb4 70. Qxb4 Qc6 71. Kf2 Kh7 72. Ke2 Ra8 73. Kd3 Rf6 74. Qb5 Qxb5 75. cxb5 Bb8 76.
Ne7 Rf7 77. Nc6 Bc7 78. Kc4 Kg7 79. Kb4 Kf6 80. Ra1 Ke6 81. Rc1 Rd7 82. Kb3 Rf7 83. Nb4 Rd7 84. Rc6 Bd8 85. Nd3 Ke7 86. Nb2 Bc7 87. Nc4 Rb8 88. a5 bxa5 89. Ka4 Rb7 90. b6 Bb8 91. Nxa5 Ke6 92.
Kb5 Rh7 93. Nxb7 Rxb7 94. Ka6 1-0

[Event "15e Open International de Quenza"]
[Site "Quenza"]
[Date "2026.07.05"]
[Round "6.13"]
[White "BERNARDI, Alexandre"]
[Black "PAOLI, Guillaume"]
[Result "1/2-1/2"]
[TimeControl "5min+3s"]
[WhiteTitle "-"]
[BlackTitle "-"]
[WhiteFideId "-"]
[BlackFideId "-"]
[WhiteElo "1948"]
[BlackElo "1991"]

1. e4 c5 2. Nf3 e6 3. g3 d5 4. exd5 Qxd5 5. Nc3 Qd8 6. Bg2 Nc6 7.
O-O Nf6 8. d3 Be7 9. Be3 O-O 10.
d4 cxd4 11. Nxd4 Nxd4 12. Bxd4 a6 13. Qd2 e5 14. Be3 Qxd2 15.
Bxd2 Bf5 16. Rac1 Rab8 17. Rfe1 Bd6 18.
Bg5 Nd7 19. Rcd1 f6 20. Be3 Bb4 21. Bd2 Bxc2 22. Rc1 Bg6 23. a3 Bd6 24. Be3 Bc5 25. Rcd1 Bxe3 26. Rxd7 Bd4 27.
Rxb7 Rxb7 28. Bxb7 Rb8 29. Bxa6 Rxb2 30.
Nd1 Rd2 31. Ne3 f5 32. Re2 Rxe2 33. Bxe2 Kf7 34. Nc2 Ba7 35. Kf1 Ke6 36. Nb4 Bc5 37. Bc4+ Kd6 38. Ke2 Bh5+ 39. Ke1 Bf3 40. Nc2 g6 41. a4 Bc6 42.
Bb3 Be4 43. Ne3 Bd4 44. Bg8 f4 45. Nc4+ Kc5 1/2-1/2

[Event "15e Open International de Quenza"]
[Site "Quenza"]
[Date "2026.07.05"]
[Round "6.14"]
[White "DELADERRIERE, Apollo"]
[Black "SIBILLE, Ettore"]
[Result "1-0"]
[TimeControl "5min+3s"]
[WhiteTitle "-"]
[BlackTitle "-"]
[WhiteFideId "-"]
[BlackFideId "-"]
[WhiteElo "2111"]
[BlackElo "1822"]

1. e4 c5 2. c3 g6 3. d4 cxd4 4.
cxd4 d5 5. e5 Bg7 6. Nf3 Bg4 7. Nc3 Nh6 8. h3 Bxf3 9.
Qxf3 e6 10. Bb5+ Nd7 11. O-O Nf5 12.
Rd1 O-O 13. b3 a6 14. Bxd7 Qxd7 15. Ba3 Rfc8 16. Na4 Qb5 17. g4 Nh6 18. Bc5 Rc6 19. Nc3 Qa5 20. b4 Qd8 21. a4 f6 22. b5 Rcc8 23. exf6 Bxf6 24.
Re1 Be7 25. Bxe7 Qxe7 26. Nxd5 Qd6 27. Nf6+ Kg7 28. g5 Nf7 29. Nxh7 Qxd4 30. Rad1 Qb2 31. Rd7 1-0

[Event "15e Open International de Quenza"]
[Site "Quenza"]
[Date "2026.07.05"]
[Round "6.4"]
[White "SUMETS, Andrey"]
[Black "KJARTANSSON, Gudmundur"]
[Result "1-0"]
[TimeControl "5min+3s"]
[WhiteTitle "GM"]
[BlackTitle "GM"]
[WhiteFideId "-"]
[BlackFideId "-"]
[WhiteElo "2470"]
[BlackElo "2367"]

1. d4 d5 2. c4 e6 3. Nf3 c6 4. e3 Nf6 5. Bd3 dxc4 6. Bxc4 c5 7. O-O a6 8. Nc3 Nc6 9. dxc5 Bxc5 10.
Qxd8+ Kxd8 11. a3 b5 12. Be2 Bb7 13. b4 Bd6 14. Bb2 Ke7 15. Rfd1 Rhd8 16. Nd2 Ne5 17. Nb3 Rac8 18. Na5 Ba8 19.
Rac1 g5 20. f3 Nd5 21. Ne4 Nxe3 22. Rxd6 Bxe4 23. Rxd8 Rxd8 24. Bxe5 Rd2 25. fxe4 Rxe2 26. Nc6+ Ke8 27. Bf6 Rxg2+ 28. Kh1 Rd2 29. Bxg5 Rd3 30.
Ne5 1-0

[Event "15e Open International de Quenza"]
[Site "Quenza"]
[Date "2026.07.05"]
[Round "6.10"]
[White "MULLON, Jean-Baptiste"]
[Black "TREGUBOV, Pavel V."]
[Result "0-1"]
[TimeControl "5min+3s"]
[WhiteTitle "IM"]
[BlackTitle "GM"]
[WhiteFideId "-"]
[BlackFideId "-"]
[WhiteElo "2198"]
[BlackElo "2391"]

1. e4 c5 2. Nf3 e6 3.
d4 cxd4 4. Nxd4 Nf6 5. Nc3 Nc6 6. Ndb5 Bb4 7. a3 Bxc3+ 8. Nxc3 d5 9.
Bd3 dxe4 10. Nxe4 Nxe4 11. Bxe4 Qxd1+ 12. Kxd1 Bd7 13. Be3 O-O-O 14. f3 f5 15. Bxc6 Bxc6+ 16. Ke2 Bb5+ 17. Kf2 b6 18. c4 Ba4 19.
Rac1 e5 20. c5 Kb7 21. cxb6 axb6 22. Rc4 Bc6 23. Rhc1 Rd6 24. Rb4 Bd7 25. f4 e4 26. a4 Ra8 27. b3 Be6 28. Rc5 Bd7 29.
h3 g6 30. Rc3 Ka6 31. Rc7 Rc8 32.
Rxc8 Bxc8 33. Kg3 Be6 34. Kf2 Rc6 35.
Ke2 Rd6 36. Bd4 Bxb3 37. Ke3 Be6 38. Rb2 Bd7 39. Rb4 Ka5 40. Rc4 Bxa4 41. Bc3+ Kb5 42. Rb4+ Kc5 43. Be1 Rd1 44. Rxa4 Rxe1+ 45. Kf2 Rd1 46. Ra7 b5 0-1

[Event "15e Open International de Quenza"]
[Site "Quenza"]
[Date "2026.07.05"]
[Round "6.7"]
[White "BRODOWSKI, Piotr"]
[Black "WEBB, Laurence E"]
[Result "1-0"]
[TimeControl "5min+3s"]
[WhiteTitle "IM"]
[BlackTitle "FM"]
[WhiteFideId "-"]
[BlackFideId "-"]
[WhiteElo "2435"]
[BlackElo "2200"]

1. d4 Nf6 2. Bg5 e6 3. Nd2 h6 4. Bh4 b6 5. e4 g5 6.
Bg3 Bb7 7. Bd3 d6 8. Qe2 Bg7 9. O-O-O Nbd7 10. h4 Qe7 11. hxg5 hxg5 12. Rxh8+ Bxh8 13. Ngf3 g4 14. Rh1 O-O-O 15. Ne1 e5 16. d5 Nc5 17. Bb5 Kb8 18. b4 Ncd7 19. c3 Bg7 20. Nc2 Rh8 21. Rxh8+ Bxh8 22. Ne3 Nh5 23. Qxg4 Ndf6 24. Qh4 a6 25. Be2 Nxd5 26. Qxe7 Nxe7 27. Bxh5 f5 28. exf5 Bxg2 29. Nxg2 Ng8 1-0

[Event "15e Open International de Quenza"]
[Site "Quenza"]
[Date "2026.07.05"]
[Round "6.2"]
[White "MAURIZZI, Marc Andria"]
[Black "PAKLEZA, Zbigniew"]
[Result "1-0"]
[TimeControl "5min+3s"]
[WhiteTitle "GM"]
[BlackTitle "GM"]
[WhiteFideId "-"]
[BlackFideId "-"]
[WhiteElo "2556"]
[BlackElo "2453"]

1. e4 d6 2. d4 Nf6 3. Bd3 e5 4. Nf3 exd4 5. Nxd4 Nbd7 6. O-O Nc5 7. Nc3 Be7 8.
Re1 Nxd3 9. Qxd3 O-O 10. Bf4 Re8 11. h3 c6 12. Rad1 Qb6 13. Nb3 Be6 14. Bxd6 Rad8 15. Qg3 Bxd6 16.
Rxd6 Qb4 17. Rxd8 Rxd8 18. Qe3 Qb6 19. Qxb6 axb6 20. f3 Kf8 21. Rd1 Ra8 22. Nd4 Ke7 23. a4 Nd7 24. Kf2 g6 25. b3 Nc5 26. Nce2 Bd7 27. Ke3 Na6 28. Nf4 Nb4 29.
Nd3 Na6 30. Ne5 Be8 31. Nc4 b5 32. axb5 cxb5 33. Nb6 Rd8 34. Nd5+ Kf8 35. Rd2 Kg7 36. h4 Rc8 37. g4 Bc6 38.
Nf4 Nb4 39. c3 Na6 40. g5 Be8 41. Nd5 Nc7 42. Nb6 Rb8 43. f4 Na8 44. Nd5 Bc6 45. Nb4 Rc8 46. f5 Nb6 47. f6+ Kf8 48. Ndxc6 bxc6 49. Rd6 c5 50. Na6 Na8 51. Nxc5 Ke8 52. b4 Nc7 53. Rc6 Kd8 54. Rd6+ Ke8 55. Rd7 Na8 56. Re7+ Kf8 57. e5 Nb6 58. Rb7 Nd5+ 59. Kf3 Re8 60. e6 fxe6 61. Rxh7 Kg8 62. f7+ 1-0

[ePGN "0.1;DGT LiveChess/2.2.11"]

[Event "15e Open International de Quenza"]
[Site "Quenza"]
[Date "2026.07.05"]
[Round "9.4"]
[White "FEDORCHUK, Sergey A."]
[Black "MULLON, Jean-Baptiste"]
[Result "1-0"]
[TimeControl "5min+3s"]
[WhiteTitle "GM"]
[BlackTitle "IM"]
[WhiteFideId "-"]
[BlackFideId "-"]
[WhiteElo "2530"]
[BlackElo "2198"]

1. e4 c5 2. Nf3 e6 3. d4 cxd4 4. Nxd4 a6 5. a3 Qc7 6. c4 Nf6 7. Nc3 Nc6 8. Be3 Be7 9. Be2 O-O 10.
O-O b6 11. Rc1 Nxd4 12. Qxd4 Bc5 13. Qd3 Bb7 14. b4 Bxe3 15. Qxe3 d6 16. f3 Rab8 17. Rfd1 Rfd8 18. Bf1 h6 19.
Rd2 Nd7 20. Rdc2 Ba8 21. Ne2 Nf8 22. Nf4 Qe7 23. Nd3 e5 24. c5 bxc5 25. bxc5 dxc5 26. Nxc5 a5 27. Na6 Rb7 28. Qc5 Qg5 29. Qxa5 Ne6 30. Qe1 Rbd7 31. Nc5 Nxc5 32.
Rxc5 Kh7 33. R5c2 Rd4 34. Qg3 Qe3+ 35.
Qf2 Qxa3 36. Rc7 R8d7 37. h3 Qd6 38.
Rxd7 Qxd7 39. Qg3 Qd6 40. Qg4 g6 41.
Qc8 Ra4 42. Qe8 Ra7 43. Rc8 1-0

[Event "15e Open International de Quenza"]
[Site "Quenza"]
[Date "2026.07.05"]
[Round "9.3"]
[White "KOELLE, Tobias"]
[Black "DELADERRIERE, Apollo"]
[Result "1-0"]
[TimeControl "5min+3s"]
[WhiteTitle "IM"]
[BlackTitle "-"]
[WhiteFideId "-"]
[BlackFideId "-"]
[WhiteElo "2613"]
[BlackElo "2111"]

1. d4 d5 2. c4 c6 3. cxd5 cxd5 4.
Bg5 h6 5. Bh4 Nc6 6. Nc3 a6 7. e3 g5 8. Bg3 Bg7 9. Nf3 Nf6 10. Ne5 O-O 11. Bd3 Nxe5 12. Bxe5 b5 13. O-O Bb7 14.
Rc1 Rc8 15. Bb1 Qd7 16. Bxf6 exf6 17. Qf3 Rc4 18. Bd3 Rc7 19. h3 Qd6 20. Ne2 Rfc8 21. Rxc7 Rxc7 22. Ng3 Bc8 23. Nf5 Bxf5 24.
Qxf5 Qe6 25. Qf3 Rc6 26. a3 Bf8 27. Bb1 Qd7 28. g3 a5 29. Kg2 b4 30. axb4 axb4 31. Bd3 Bg7 32. Bb5 Qd6 33. Bxc6 Qxc6 34. Qf5 1-0